 Dungeon Crawl Stone Soup version 0.29-a0-1052-g6990b1bffc (webtiles) character file.

Game seed: 8666488711573456405

157 inmateoo the Trooper (level 5, -1/44 HPs)
             Began as a Palentonga Fighter on Aug 18, 2022.
             Slain by Pikel
             ... wielding a +0 whip of freezing
              (3 damage)
             ... on level 4 of the Dungeon.
             The game lasted 00:03:09 (3155 turns).

inmateoo the Trooper (Palentonga Fighter)           Turns: 3155, Time: 00:03:09

Health: -1/44      AC:  8    Str: 22    XL:     5   Next: 15%
Magic:  5/5        EV:  8    Int:  8    God:
Gold:   93         SH:  4    Dex: 11    Spells: 4/4 levels left

rFire   + . .      SeeInvis +     - Unarmed
rCold   + . .      Faith    .   b - +0 buckler
rNeg    . . .      Spirit   .   q - +2 ring mail {rF+}
rPois   .          Reflect  .   (no helmet)
rElec   .          Harm     .   (no cloak)
rCorr   .          Rampage  .   (no gloves)
Will    .....                   (no barding)
Stlth   +.........              (no amulet)
HPRegen 0.14/turn               g - ring of protection from cold
MPRegen 0.09/turn               (no ring)

@: hasted (expiring), very quick
A: large, rugged brown scales 3, see invisible, deformed body, roll 1, armoured
tail
a: Rolling Charge


You were on level 4 of the Dungeon.
You visited 1 branch of the dungeon, and saw 4 of its levels.

You collected 165 gold pieces.
You spent 72 gold pieces at shops.

Inventory:

Armour
 b - a +0 buckler (worn)
 q - a +2 ring mail of fire resistance (worn)
Jewellery
 g - a ring of protection from cold (left hand)
Scrolls
 e - a scroll of magic mapping
 o - 2 scrolls of brand weapon
Potions
 a - a potion of attraction
 d - a potion of curing
 i - a potion of mutation
 j - a potion of ambrosia
 m - a potion of magic


   Skills:
 + Level 3.7 Fighting
 + Level 3.0 Armour
 + Level 3.3 Shields
 * Level 3.7 Unarmed Combat


You had 4 spell levels left.
You didn't know any spells.
Your spell library was empty.

Dungeon Overview and Level Annotations

Branches:
Dungeon (4/15)
 Temple: D:4-7

Altars:

Shops:
D:3 !

Annotations:
D:4 Pikel


Innate Abilities, Weirdness & Mutations

You are completely covered in rugged brown scales. (AC +3, +7% HP)
You have supernaturally acute eyesight. (SInv)
Armour fits poorly on your strangely shaped body.
You can roll at nearby foes to attack.
You have a long armoured tail.


Message History

You roll forward with a clatter of scales!
You hit Pikel.
Pikel is severely wounded.
You hit Pikel.
Pikel is almost dead.
Pikel hits you with a +0 whip of freezing.
Pikel freezes you.
You closely miss Pikel.
Your tail-slap misses Pikel.
Pikel is almost dead.
Pikel completely misses you.
You hit Pikel.
Pikel is almost dead.
You barely miss Pikel.
Pikel is almost dead.
You block Pikel's attack.
You closely miss Pikel. You tail-slap Pikel, but do no damage.
Pikel is almost dead.
Pikel hits you with a +0 whip of freezing.
* * * LOW HITPOINT WARNING * * *
You closely miss Pikel.
Pikel is almost dead.
Roll where?
Press: ? - help, Dir - move target, f/p - Pikel
Aim: Pikel, wielding a +0 whip of freezing and wearing a +0 robe (almost dead)
You roll forward with a clatter of scales!
You miss Pikel.
Pikel is almost dead.
Pikel hits you with a +0 whip of freezing!
* * * LOW HITPOINT WARNING * * *
Pikel freezes you.
* * * LOW HITPOINT WARNING * * *
Roll where?
Press: ? - help, Dir - move target, f/p - Pikel
Aim: Pikel, wielding a +0 whip of freezing and wearing a +0 robe (almost dead)
You roll forward with a clatter of scales!
You barely miss Pikel.
Pikel is almost dead.
Your extra speed is starting to run out.
Pikel hits you with a +0 whip of freezing.
You die...

#.# #.# #.# #.#
#.# #.# #.# #.#
##.## ###<#####
###...####........
#☼...........#####
#○#...####.###
#@##.#####.#
#K##.......#
#.########## #5#
#5# #######5#
#555....#
#########5#######
:.5555.5..#


You could see Pikel and 3 lemures.

Vanquished Creatures
  An orc wizard (D:3)
  6 adders
  2 worms
  A dart slug (D:1)
  5 orcs (D:3)
  7 endoplasms
  4 giant cockroaches
  4 goblins
  6 hobgoblins
  10 kobolds
  A quokka (D:2)
  4 ball pythons
  6 bats
  4 frilled lizards
  6 rats
67 creatures vanquished.

Notes
Turn   | Place    | Note
-------+----------+-------------------------------------------
     0 | D:1      | inmateoo the Palentonga Fighter began the quest for the
                  | Orb.
     0 | D:1      | Reached XP level 1. HP: 19/19 MP: 1/1
   309 | D:1      | Reached XP level 2. HP: 21/25 MP: 2/2
   434 | D:1      | You fall into a shaft and drop 1 floor!
  1023 | D:2      | Reached XP level 3. HP: 31/31 MP: 3/3
  1672 | D:1      | Reached XP level 4. HP: 36/37 MP: 4/4
  2013 | D:3      | Found Zizeis's Distillery.
  2021 | D:3      | Bought a potion of heal wounds for 60 gold pieces
  2021 | D:3      | Bought a potion of degeneration for 12 gold pieces
  2479 | D:3      | Reached XP level 5. HP: 43/44 MP: 5/5
  3099 | D:4      | Noticed a lemure
  3100 | D:4      | Noticed Pikel
  3101 | D:4      | Noticed a lemure
  3102 | D:4      | Noticed a lemure
  3105 | D:4      | Noticed a lemure
  3127 | D:4      | HP: 1/44 [Pikel/+0 whip of freezing (2)]
  3148 | D:4      | HP: 2/44 [Pikel/+0 whip of freezing (10)]
  3155 | D:4      | Slain by Pikel

Illustrated notes

Levels and vault maps discovered:
D:1:      ncdulo_smallfort, layout_rooms, nicolae_wormholes
D:2:      layout_basic, kennysheep_crisscross
D:3:      layout_basic, serial_shops, nicolae_square_shop
D:4:      layout_loops_ring, uniq_pikel

Skill      XL: |  1  2  3  4 |
---------------+-------------+-----
Shields        | 3 |  3.3
Unarmed Combat | 3 |  3.7
Armour         | 3 |  3.0
Fighting       | |  3.7

Action                   |  1- 3 |  4- 6 || total
-------------------------+-------+-------++-------
Melee: Unarmed           |   112 |   122 ||   234
       Tailslap          |    17 |    16 ||    33
 Abil: Rolling Charge    |     7 |     5 ||    12
  Use: Scroll            |       |    12 ||    12
       Potion            |       |     3 ||     3
Armor: Scale mail        |    55 |    36 ||    91
       Ring mail         |       |     7 ||     7
Dodge: Dodged            |    33 |    34 ||    67
Block: Buckler           |    15 |    15 ||    30

Table legend: (Time is in decaauts)
 A = Elapsed time spent in this place.
 B = Non-inter-level travel time spent in this place.
 C = Inter-level travel time spent in this place.
 D = Time resting spent in this place.
 E = Time spent auto-exploring this place.
 F = Levels seen in this place.
 G = Mean time per level.
                   A        B        C        D        E       F      G
               +--------+--------+--------+--------+--------+-----+--------+
         Total |   3132 |   3056 |     76 |   1055 |   1490 |   4 |  783.0 |
       Dungeon |   3132 |   3056 |     76 |   1055 |   1490 |   4 |  783.0 |
               +--------+--------+--------+--------+--------+-----+--------+

Top non-repeatable levels by time:
     D:2: 1198 daAuts
     D:3: 1071 daAuts
     D:1: 785 daAuts
     D:4: 77 daAuts
